 Dungeon Crawl Stone Soup version 0.31-a0-278-g485e682e34 (webtiles) character file.

Game seed: 3396915188927665098

164 BritishOli the Trooper (level 5, -1/42 HPs)
             Began as a Demonspawn Fighter on July 16, 2023.
             Succumbed to an orc's poison
             ... on level 3 of the Dungeon.
             The game lasted 00:04:27 (1594 turns).

BritishOli the Trooper (Demonspawn Fighter)         Turns: 1594, Time: 00:04:27

Health: -1/42      AC: 14    Str: 18    XL:     5   Next: 21%
Magic:  5/5        EV:  9    Int: 10    God:
Gold:   63         SH:  4    Dex: 12    Spells: 4/4 levels left

rFire   . . .        a - +0 long sword
rCold   . . .        c - +0 buckler
rNeg    . . .        b - +0 scale mail
rPois   .            (no helmet)
rElec   .            (no cloak)
rCorr   .            (no gloves)
SInv    +            q - +0 pair of boots
Will    .....        (no amulet) Stlth
                     n - +4 ring of protection
HPRegen 0.27/turn    p - ring of see invisible
MPRegen 0.09/turn

%: no passive effects
@: lethally poisoned (-1 -> -25)
A: molten scales 1, powered by death 1, weakness stinger 2
a: no special abilities


You were on level 3 of the Dungeon.
You visited 1 branch of the dungeon, and saw 3 of its levels.

You collected 63 gold pieces.

Inventory:

Hand Weapons
 a - a +0 long sword (weapon)
Armour
 b - a +0 scale mail (worn)
 c - a +0 buckler (worn)
 q - a +0 pair of boots (worn)
Jewellery
 n - a +4 ring of protection (left hand)
 p - a ring of see invisible (right hand)
 s - a +6 ring of strength
 u - a ring of willpower
Scrolls
 e - a scroll of amnesia {unknown}
 g - 4 scrolls of identify {unknown}
 h - 2 scrolls of silence {unknown}
 i - 4 scrolls of teleportation {unknown}
 j - a scroll of enchant weapon {unknown}
 l - a scroll of noise {unknown}
 o - 2 scrolls of revelation {unknown}
 r - a scroll of torment {unknown}
 t - a scroll of immolation {unknown}
Potions
 d - a potion of might
 f - a potion of resistance {unknown}
 k - a potion of curing {unknown}
 m - a potion of heal wounds {unknown}


   Skills:
 + Level 3.8 Fighting
 * Level 3.2 Long Blades
 + Level 3.4 Armour
 + Level 3.4 Shields


You had 4 spell levels left.
You didn't know any spells.
Your spell library contained the following spells:

 Spells                   Type           Power      Damage    Failure   Level
 Poisonous Vapours        Pois/Air       0%         N/A       92%         2
 Mephitic Cloud           Conj/Pois/Air  0%         N/A       99%         3
 Freezing Cloud           Conj/Ice/Air   0%         6-21      100%        5


Dungeon Overview and Level Annotations

Branches:
Dungeon (3/15)

Altars:
Kikubaaqudgha

Shops:
D:3 =


Innate Abilities, Weirdness & Mutations

You are partially covered in molten scales. (AC +2)
You regenerate a little health from kills.
You have a tail ending in a sharp stinger.


Message History

You feel sick.
The orc hits you with a +0 hand axe of venom.
You are more poisoned.
The orc hits you but does no damage. x2; You block the orc's attack.
The orc hits you but does no damage. x2
You hit the orc. You tail-slap the orc.
The orc is moderately wounded.
You feel very sick. You block the orc's attack.
The orc hits you but does no damage. The orc hits you with a +0 short sword.
You hit the orc.
The orc is severely wounded.
You feel very sick. The orc closely misses you.
The orc hits you but does no damage. The orc hits you with a +0 short sword.
You hit the orc but do no damage.
The orc is severely wounded.
You feel sick. The orc hits you but does no damage.
You are more poisoned.
You block the orc's attack. x2
Unknown command.
You hit the orc but do no damage.
The orc is severely wounded.
You feel very sick. The orc barely misses you.
The orc hits you but does no damage. You block the orc's attack.
The orc barely misses you. The orc hits you but does no damage.
The orc hits you with a +0 hand axe of venom.
You are lethally poisoned!
Okay, then.
You hit the orc.
You kill the orc!
You feel very sick.
The orc hits you with a +0 hand axe of venom.
* * * LOW HITPOINT WARNING * * *
You are more poisoned.
The orc barely misses you.
There is a lethal amount of poison in your body!
You barely miss the orc.
You die...

#.. ## # #.# #.
.# #.# #. ... #.#
#. .#.# ########
#..#w ∩..#
.......#
#.#)#...#
).<.†..# #.#@o#.#
#####..# ##..)o.#
#..######...####
#....(.........#
#.#######...##...
#.# ...## ## #.#
##### #.# #.#


You could see a dart slug and 2 orcs.

Vanquished Creatures
  A sleepcap (D:2)
  2 gnolls (D:2)
  3 adders (D:2)
  2 worms (D:2)
  2 orcs (D:3)
  7 ball pythons
  9 bats
  8 endoplasms
  2 giant cockroaches (D:2)
  4 goblins
  6 hobgoblins
  10 jackals
  5 kobolds
  9 quokkas
  2 frilled lizards (D:2)
  2 rats (D:1)
74 creatures vanquished.

Notes
Turn   | Place    | Note
-------+----------+-------------------------------------------
     0 | D:1      | BritishOli the Demonspawn Fighter began the quest for the
                  | Orb.
     0 | D:1      | Reached XP level 1. HP: 18/18 MP: 1/1
   194 | D:1      | Gained mutation: You have a small tail. [demonic ancestry]
   194 | D:1      | Reached XP level 2. HP: 22/24 MP: 2/2
   439 | D:1      | Gained mutation: You are partially covered in molten
                  | scales. (AC +2) [demonic ancestry]
   439 | D:1      | Reached XP level 3. HP: 24/29 MP: 3/3
   726 | D:2      | Found an ancient bone altar of Kikubaaqudgha.
   731 | D:2      | Gained mutation: You regenerate a little health from kills.
                  | [demonic ancestry]
   731 | D:2      | Reached XP level 4. HP: 35/35 MP: 4/4
  1084 | D:2      | Gained mutation: You have a tail ending in a sharp stinger.
                  | [demonic ancestry]
  1084 | D:2      | Reached XP level 5. HP: 42/42 MP: 5/5
  1115 | D:2      | Found a faded altar of an unknown god.
  1578 | D:3      | Found Bymmiy's Jewellery Shoppe.
  1594 | D:3      | Succumbed to an orc's poison

Illustrated notes

Levels and vault maps discovered:
D:1:      amcnicky_arrival_underground_garden, layout_rooms, minmay_cut_off
D:2:      wad_woods_stonehenge, layout_basic, serial_glass, glass_columns_a,
          glass_columns_b, minmay_strange_pillars, shapermc_ecumenical_altar_gd,
          kennysheep_generic_room_5
D:3:      layout_loops_ring, mainiacjoe_overflow_cross_hatched,
          nicolae_dithmenos_through_a_glass_darkly, serial_shops,
          nicolae_diamond_shop, serial_bayou_pond_b

Skill      XL: |  1  2  3  4 |
---------------+-------------+-----
Long Blades    | 2 3 |  3.2
Armour         | 3 |  3.4
Shields        | 3 |  3.4
Fighting       | |  3.8

Action                     |  1- 3 |  4- 6 || total
---------------------------+-------+-------++-------
  Melee: Long sword        |   129 |   100 ||   229
         Tailslap          |     8 |     9 ||    17
 Armour: Scale mail        |    91 |    55 ||   146
  Dodge: Dodged            |    69 |    62 ||   131
  Block: Buckler           |    46 |    34 ||    80

Table legend: (Time is in decaauts)
 A = Elapsed time spent in this place.
 B = Non-inter-level travel time spent in this place.
 C = Inter-level travel time spent in this place.
 D = Time resting spent in this place.
 E = Time spent auto-exploring this place.
 F = Levels seen in this place.
 G = Mean time per level.
                   A        B        C        D        E       F      G
               +--------+--------+--------+--------+--------+-----+--------+
         Total |   1663 |   1597 |     66 |     72 |   1028 |   3 |  554.3 |
       Dungeon |   1663 |   1597 |     66 |     72 |   1028 |   3 |  554.3 |
               +--------+--------+--------+--------+--------+-----+--------+

Top non-repeatable levels by time:
     D:2: 997 daAuts
     D:1: 612 daAuts
     D:3: 53 daAuts
